 Dungeon Crawl Stone Soup version 0.30.1-4-g462c640d31 (webtiles) character file.

Game seed: 16884434281223250724

845 booth the Chopper (level 8, -16/64 (69) HPs)
             Began as a Hill Orc Fighter on Sept 2, 2023.
             Demolished by an ogre
             ... wielding a +0 giant spiked club
              (30 damage)
             ... on level 5 of the Dungeon.
             The game lasted 00:26:13 (5082 turns).

booth the Chopper (Hill Orc Fighter)                Turns: 5082, Time: 00:26:13

HP:   -16/64 (69)   AC: 11    Str: 19    XL:     8   Next: 0%
MP:   8/8           EV:  9    Int: 10    God:
Gold: 160           SH:  5    Dex: 10    Spells: 7/7 levels left

rFire   . . .        E - +2 war axe (pain)
rCold   . . .        c - +0 buckler
rNeg    . . .        b - +0 scale mail
rPois   .            l - +1 helmet
rElec   .            (no cloak)
rCorr   .            e - +0 pair of gloves
SInv    +            j - +0 pair of boots
Will    .....        (no amulet) Stlth
                     m - ring of see invisible
HPRegen 0.30/turn    (no ring)
MPRegen 0.11/turn

%: no passive effects
@: hasted, drained, very quick
A: no striking features
a: no special abilities


You were on level 5 of the Dungeon.
You visited 2 branches of the dungeon, and saw 6 of its levels.
You also visited: Sewer.

You collected 303 gold pieces.
You spent 143 gold pieces at shops.

Inventory:

Hand Weapons
 h - a +0 mace
 E - a +2 war axe of pain (weapon)
Missiles
 v - 15 poisoned darts (quivered)
Armour
 b - a +0 scale mail (worn)
 c - a +0 buckler (worn)
 e - a +0 pair of gloves (worn)
 j - a +0 pair of boots (worn)
 l - a +1 helmet (worn)
Jewellery
 a - a ring of fire
 m - a ring of see invisible (left hand)
Scrolls
 i - 4 scrolls of teleportation
 q - a scroll of summoning
 r - 2 scrolls of immolation
 s - a scroll of blinking
 x - a scroll of silence {unknown}
 y - a scroll of poison {unknown}
 z - a scroll of enchant armour {unknown}
 A - 3 scrolls of fog {unknown}
 D - a scroll of enchant weapon {unknown}
Potions
 d - 3 potions of might
 f - a potion of flight
 g - 2 potions of cancellation
 k - a potion of berserk rage
 o - 2 potions of lignification {unknown}
 p - 2 potions of mutation {unknown}
 u - a potion of magic {unknown}
 w - 2 potions of ambrosia {unknown}
 B - 2 potions of curing
 C - a potion of invisibility {unknown}
 F - a potion of attraction {unknown}


   Skills:
 + Level 5.4 Fighting
 * Level 6.7(7.2) Axes
 + Level 3.1(4.8) Maces & Flails
 + Level 2.3 Throwing
 + Level 4.9 Armour
 + Level 5.0 Shields


You had 7 spell levels left.
You didn't know any spells.
Your spell library contained the following spells:

 Spells                   Type           Power      Damage    Failure   Level
 Kiss of Death            Conj/Necr      0%         2d5       80%         1
 Magic Dart               Conj           0%         1d3       80%         1
 Call Imp                 Summ           0%         N/A       90%         2
 Confusing Touch          Hex            0%         N/A       99%         3
 Frozen Ramparts          Ice            0%         1d1       99%         3
 Mephitic Cloud           Conj/Pois/Air  0%         N/A       99%         3
 Dispel Undead            Necr           0%         3d6       100%        4
 Ice Form                 Ice/Tmut       0%         N/A       100%        4
 Summon Ice Beast         Ice/Summ       0%         N/A       100%        4


Dungeon Overview and Level Annotations

Branches:
Dungeon (5/15)             Temple (1/1) D:4           Sewer (visited)

Altars:
Ashenzari
Cheibriados
Dithmenos
Elyvilon
Fedhas
Hepliaklqana
Kikubaaqudgha
Makhleb
Nemelex Xobeh
Qazlal
Ru
Trog
Uskayaw
Vehumet
Xom
Yredelemnul

Shops:
D:2 (

Annotations:
D:4 exclusion: statue


Message History

The poisoned dart closely misses the gnoll.
The poisoned dart hits the jackal.
The jackal is poisoned.
You hit the gnoll.
The gnoll is moderately wounded.
You block the gnoll's attack. The gnoll hits you but does no damage.
You hit the gnoll.
The gnoll is heavily wounded.
The gnoll hits you but does no damage.
You slash the gnoll!
You kill the gnoll!
You have reached level 8!
You slash the jackal!
You kill the jackal!
You closely miss the jackal.
The jackal bites you but does no damage.
The jackal closely misses you.
You hit the jackal but do no damage. The jackal bites you.
The jackal bites you but does no damage.
You closely miss the jackal.
The jackal bites you but does no damage.
You slash the jackal!
You kill the jackal!
You hit the ogre.
The ogre is lightly wounded.
The ogre closely misses you.
You hit the ogre.
The ogre is moderately wounded.
The ogre hits you with a +0 giant spiked club!!
* * * LOW HITPOINT WARNING * * *
You hit the ogre.
The ogre is moderately wounded.
You feel much better.
The ogre hits you with a +0 giant spiked club!!
* * * LOW HITPOINT WARNING * * *
You hit the ogre.
The ogre is heavily wounded.
The ogre hits you but does no damage.
You feel yourself speed up.
The ogre hits you with a +0 giant spiked club!!
You die...

##.###.#.##
#..........
#........#
#........##
#......g...
#.#........
#(#.$.....g
#O#....g...
#@#########
#.# .#
###'#+####.#
#..........#
#..........#
#..........#
#..........+
#..........#
#..........#


You could see an ogre.

Vanquished Creatures
  Sigmund (D:4)
  An ice beast (D:4)
  A centaur (D:4)
  A kobold brigand (Sewer)
  A bullfrog (D:5)
  A jelly (D:5)
  2 gnoll boudas
  4 gnolls (D:5)
  A river rat (D:3)
  10 adders
  2 worms
  2 dart slugs (D:2)
  7 orcs
  10 endoplasms
  4 giant cockroaches
  2 goblins
  7 hobgoblins
  13 jackals
  6 quokkas
  8 ball pythons
  9 bats
  4 frilled lizards
  26 kobolds
  13 rats
136 creatures vanquished.

Notes
Turn   | Place    | Note
-------+----------+-------------------------------------------
     0 | D:1      | booth the Hill Orc Fighter began the quest for the Orb.
     0 | D:1      | Reached XP level 1. HP: 19/19 MP: 1/1
   158 | D:1      | Reached skill level 3 in Axes
   158 | D:1      | Reached XP level 2. HP: 15/27 MP: 2/2
   346 | D:1      | Reached XP level 3. HP: 22/33 MP: 3/3
  1432 | D:2      | Found Haq Erho's Antique Weapon Emporium.
  1530 | D:2      | Reached skill level 1 in Maces & Flails
  1603 | D:2      | Reached XP level 4. HP: 40/40 MP: 4/4
  1691 | D:2      | Reached skill level 4 in Axes
  1740 | D:2      | Found a faded altar of an unknown god.
  2311 | D:3      | Found a glowing drain.
  2331 | D:3      | Reached XP level 5. HP: 47/47 MP: 5/5
  2333 | Sewer    | Entered a sewer
  2652 | Sewer    | Noticed a kobold brigand
  2681 | Sewer    | Killed a kobold brigand
  2682 | Sewer    | Reached skill level 1 in Throwing
  3021 | D:3      | Reached XP level 6. HP: 53/53 MP: 6/6
  3103 | D:3      | You fall into a shaft and drop 1 floor!
  3395 | D:4      | Noticed Sigmund
  3416 | D:4      | Killed Sigmund
  3417 | D:4      | Reached skill level 5 in Axes
  3640 | D:4      | Found a radiant altar of Vehumet.
  3673 | D:4      | Found a staircase to the Ecumenical Temple.
  3713 | Temple   | Entered the Ecumenical Temple
  4040 | D:4      | Reached XP level 7. HP: 39/60 MP: 7/7
  4319 | D:4      | Reached skill level 5 in Fighting
  4331 | D:4      | Reached skill level 6 in Axes
  4789 | D:2      | Bought a glowing war axe for 143 gold pieces
  4862 | D:5      | Entered Level 5 of the Dungeon
  5068 | D:5      | Reached skill level 5 in Shields
  5072 | D:5      | Reached XP level 8. HP: 31/64 MP: 8/8
  5082 | D:5      | Demolished by an ogre

Illustrated notes

Levels and vault maps discovered:
D:1:      giann_horns, layout_basic
D:2:      layout_rooms, serial_rivers, chequers_serial_rivers_small_a,
          chequers_serial_rivers_micro_c, chequers_serial_rivers_marsh,
          chequers_serial_rivers_marsh, chequers_serial_rivers_micro_e,
          chequers_serial_rivers_micro_d, serial_shops, shop,
          basic_ecumenical_altar, chequers_hall_statues_y,
          chequers_serial_rivers_micro_b, serial_park_tiny_1, st_stairs_6
D:3:      layout_loops_ring, portal_sewer_entry_a, kennysheep_pointless_box,
          chequers_serial_rivers_micro_c, minmay_gold_behind_fungi
D:4:      minmay_spotlight, layout_basic, vehumet_statue,
          minmay_temple_entry_mini_moons, uniq_sigmund
D:5:      layout_basic, chequers_decorated_corner, uniq_prince_ribbit1
Temple:   nicolae_temple_no_exploring_needed

Skill      XL: |  1  2  3  4  5  6  7 |
---------------+----------------------+-----
Axes           | 3 4 5 6 |  6.7
Fighting       | 4 5 |  5.4
Maces & Flails | 1 2 3 |  3.1
Throwing       | 1 2 |  2.3
Armour         | 4 |  4.9
Shields        | 4 5 |  5.0

Action                     |  1- 3 |  4- 6 |  7- 9 || total
---------------------------+-------+-------+-------++-------
  Melee: War axe           |   126 |   217 |    91 ||   434
  Throw: Dart              |       |     3 |     5 ||     8
    Use: Scroll            |     3 |     6 |       ||     9
         Potion            |     2 |     4 |     2 ||     8
 Armour: Scale mail        |    63 |   120 |    45 ||   228
  Dodge: Dodged            |    70 |    97 |    35 ||   202
  Block: Buckler           |    37 |    50 |    18 ||   105
